[ AOE2 MATCH · #506201233 ]
UnrankedBohemians vs Koreans
Player's team · LOSS
Rival team · WIN
[ REPLAY ANALYSIS · EXTRACTED FROM THE RECORDED GAME ]
Feudal
9:55
Castle
23:23
Imperial
36:14
| APM avg | 30.6 |
| APM peak | 82 |
| eAPM avg | 17.1 |
| Villagers / military | 86 / 32 |
Focus
⚔️ 22.5% · 🌾 77.5%
Knight ×12 · Monk ×8 · Militia ×4 · Battering Ram ×3 · Hussite Wagon ×2 · Mangonel ×1
Feudal
9:04
Castle
25:32
Imperial
39:39
| APM avg | 26.5 |
| APM peak | 48 |
| eAPM avg | 18.6 |
| Villagers / military | 80 / 20 |
Focus
⚔️ 24.2% · 🌾 75.8%
Fire Lancer ×16 · Trebuchet (Packed) ×4
Match map
Initial resources + every placement click. Lines = walls · curves = elevation contours. ◆ gold · ⬟ stone · ● berries · ✦ relic · ◌ wall gap
Your base· ✓ Closed at 23:23 · 6t walls · no gate
Post Nut Clarity's base· Open — opponent sealed themselves in
Smoothed initial terrain · ◌ = detected wall gap · hover for details
Inputs per minute
— Negev King - - Post Nut Clarity
Build order — Negev King
First 150 of 163 actions detected
| 0:01 | Queue | Villager (Male) ×4 |
| 0:01 | Queue | Villager (Male) ×4 |
| 0:02 | Build | House |
| 0:03 | Build | House |
| 1:31 | Queue | Villager (Male) |
| 1:46 | Build | Lumber Camp |
| 2:14 | Queue | Villager (Male) |
| 2:19 | Queue | Villager (Male) |
| 2:19 | Queue | Villager (Male) |
| 2:27 | Build | House |
| 2:49 | Queue | Villager (Male) |
| 3:16 | Queue | Villager (Male) |
| 3:16 | Queue | Villager (Male) |
| 3:51 | Build | House |
| 3:52 | Queue | Villager (Male) |
| 3:52 | Queue | Villager (Male) |
| 4:11 | Queue | Villager (Male) |
| 4:49 | Queue | Villager (Male) ×2 |
| 5:11 | Queue | Villager (Male) |
| 5:37 | Queue | Villager (Male) |
| 6:04 | Build | Mill |
| 6:15 | Queue | Villager (Male) ×3 |
| 6:37 | Research | Loom |
| 7:45 | Research | Feudal Age |
| 7:45 | Research | Feudal Age |
| 8:16 | Build | Mill |
| 9:00 | Build | House |
| 9:10 | Build | House |
| 9:55 | Age | Feudal Age |
| 10:02 | Queue | Villager (Male) |
| 10:03 | Queue | Villager (Male) |
| 10:09 | Build | Market |
| 10:38 | Queue | Villager (Male) |
| 10:45 | Build | Farm |
| 11:14 | Build | Barracks |
| 11:27 | Build | House |
| 11:30 | Build | House |
| 11:33 | Build | House |
| 11:34 | Build | House |
| 12:14 | Build | Mining Camp |
| 12:16 | Research | Man-at-Arms (upgrade) |
| 12:30 | Queue | Villager (Male) ×5 |
| 12:35 | Build | Farm |
| 12:37 | Build | Farm |
| 12:39 | Research | Horse Collar |
| 12:46 | Research | Double-Bit Axe |
| 13:13 | Build | Lumber Camp |
| 13:17 | Build | House |
| 13:18 | Build | House |
| 13:20 | Build | House |
| 13:29 | Build | House |
| 13:30 | Build | House |
| 13:42 | Build | House |
| 13:43 | Build | House |
| 13:47 | Queue | Militia |
| 13:48 | Queue | Militia |
| 13:57 | Queue | Villager (Male) |
| 14:00 | Build | Farm |
| 14:01 | Build | Farm |
| 14:17 | Build | Outpost |
| 14:41 | Build | Farm |
| 14:44 | Build | Farm |
| 14:49 | Build | Farm |
| 15:00 | Queue | Villager (Male) |
| 15:03 | Build | Farm |
| 15:12 | Queue | Villager (Male) |
| 15:16 | Build | Farm |
| 15:20 | Build | Farm |
| 15:48 | Queue | Villager (Male) |
| 15:57 | Build | Stone Wall |
| 16:04 | Build | Watch Tower |
| 16:24 | Build | Farm |
| 16:27 | Build | Farm |
| 16:29 | Build | Farm |
| 17:00 | Queue | Militia |
| 17:00 | Queue | Militia |
| 17:13 | Queue | Villager (Male) |
| 17:13 | Queue | Villager (Male) |
| 17:23 | Build | Mill |
| 17:23 | Build | Farm |
| 17:24 | Build | Farm |
| 17:24 | Build | Farm |
| 17:24 | Build | Farm |
| 17:24 | Build | Farm |
| 17:24 | Build | Farm |
| 17:25 | Build | Farm |
| 17:25 | Build | Farm |
| 17:25 | Build | Farm |
| 17:33 | Build | Farm |
| 18:38 | Build | Farm |
| 18:40 | Build | Farm |
| 19:13 | Queue | Villager (Male) |
| 19:13 | Queue | Villager (Male) |
| 19:42 | Queue | Villager (Male) |
| 19:54 | Build | Blacksmith |
| 19:59 | Queue | Villager (Male) |
| 20:43 | Research | Castle Age |
| 20:43 | Research | Castle Age |
| 21:25 | Research | Horse Collar |
| 22:16 | Queue | Villager (Male) |
| 22:52 | Queue | Villager (Male) |
| 23:00 | Queue | Villager (Male) |
| 23:23 | Age | Castle Age |
| 24:01 | Build | Stable |
| 24:13 | Queue | Villager (Male) |
| 24:16 | Research | Bow Saw |
| 24:21 | Build | Lumber Camp |
| 24:32 | Queue | Knight |
| 24:33 | Queue | Knight |
| 24:42 | Build | Siege Workshop |
| 24:48 | Queue | Villager (Male) |
| 24:54 | Queue | Knight |
| 25:14 | Research | Scale Barding Armor |
| 25:15 | Research | Forging |
| 25:22 | Build | Monastery |
| 25:43 | Queue | Villager (Male) |
| 25:48 | Queue | Villager (Male) |
| 25:49 | Queue | Villager (Male) |
| 25:54 | Queue | Mangonel |
| 26:37 | Queue | Monk |
| 26:59 | Queue | Knight |
| 27:33 | Build | Mining Camp |
| 28:15 | Build | House |
| 28:31 | Queue | Villager (Male) |
| 28:33 | Queue | Villager (Male) |
| 28:41 | Queue | Monk |
| 29:39 | Queue | Knight ×5 |
| 30:10 | Build | Stone Wall |
| 30:24 | Build | Lumber Camp |
| 30:25 | Queue | Villager (Male) ×5 |
| 30:45 | Queue | Monk |
| 31:21 | Build | Lumber Camp |
| 31:22 | Queue | Villager (Male) ×5 |
| 31:44 | Queue | Villager (Male) |
| 31:46 | Build | Farm |
| 31:50 | Queue | Monk |
| 31:50 | Queue | Monk |
| 32:35 | Build | Mining Camp |
| 32:59 | Research | Imperial Age |
| 32:59 | Research | Imperial Age |
| 33:06 | Build | Farm |
| 33:08 | Build | Farm |
| 33:43 | Queue | Battering Ram |
| 33:43 | Queue | Battering Ram |
| 33:59 | Queue | Knight |
| 35:04 | Queue | Knight |
| 35:23 | Queue | Battering Ram |
| 36:00 | Queue | Villager (Male) |
| 36:00 | Queue | Villager (Male) |
| 36:14 | Age | Imperial Age |
Build order — Post Nut Clarity
First 150 of 233 actions detected
| 0:00 | Queue | Villager (Male) |
| 0:01 | Build | House |
| 0:03 | Build | House |
| 0:14 | Queue | Villager (Male) |
| 0:14 | Queue | Villager (Male) |
| 0:14 | Queue | Villager (Male) |
| 1:23 | Queue | Villager (Male) |
| 1:59 | Queue | Villager (Male) |
| 2:08 | Build | Lumber Camp |
| 2:16 | Queue | Villager (Male) |
| 2:47 | Queue | Villager (Male) |
| 3:03 | Build | House |
| 3:06 | Queue | Villager (Male) |
| 3:39 | Queue | Villager (Male) |
| 3:48 | Queue | Villager (Male) |
| 4:49 | Queue | Villager (Male) |
| 5:11 | Queue | Villager (Male) |
| 5:12 | Queue | Villager (Male) |
| 5:34 | Queue | Villager (Male) |
| 5:46 | Research | Loom |
| 6:08 | Build | Mill |
| 6:12 | Queue | Villager (Male) |
| 6:48 | Research | Feudal Age |
| 7:06 | Build | Mining Camp |
| 7:21 | Queue | Villager (Male) |
| 7:22 | Queue | Villager (Male) |
| 7:22 | Queue | Villager (Male) |
| 7:46 | Build | House |
| 7:49 | Build | House |
| 9:04 | Age | Feudal Age |
| 9:08 | Build | Watch Tower |
| 9:14 | Build | Watch Tower |
| 9:20 | Queue | Villager (Male) |
| 9:35 | Queue | Villager (Male) |
| 9:58 | Build | Watch Tower |
| 10:19 | Build | Blacksmith |
| 10:47 | Build | Watch Tower |
| 10:50 | Queue | Villager (Male) |
| 11:13 | Queue | Villager (Male) |
| 11:33 | Queue | Villager (Male) |
| 11:45 | Build | Watch Tower |
| 11:49 | Build | Stone Wall |
| 11:50 | Build | Stone Wall |
| 11:52 | Build | Stone Wall |
| 11:53 | Build | Stone Wall |
| 12:04 | Queue | Villager (Male) |
| 12:22 | Queue | Villager (Male) |
| 12:36 | Build | Watch Tower |
| 12:52 | Queue | Villager (Male) |
| 13:16 | Build | House |
| 13:21 | Build | Farm |
| 13:24 | Build | House |
| 13:25 | Build | House |
| 13:33 | Build | House |
| 13:34 | Queue | Villager (Male) |
| 13:40 | Build | Watch Tower |
| 13:45 | Build | Stone Wall |
| 13:47 | Build | Stone Wall |
| 13:54 | Build | Farm |
| 13:57 | Build | Farm |
| 14:03 | Queue | Villager (Male) |
| 14:12 | Queue | Villager (Male) |
| 14:22 | Build | Stone Wall |
| 14:43 | Build | Palisade Gate |
| 14:52 | Queue | Villager (Male) |
| 14:55 | Build | Farm |
| 15:00 | Queue | Villager (Male) |
| 15:05 | Queue | Villager (Male) |
| 15:28 | Build | Stone Wall |
| 15:34 | Queue | Villager (Male) |
| 15:38 | Build | Mining Camp |
| 15:47 | Build | Lumber Camp |
| 15:49 | Queue | Villager (Male) |
| 15:57 | Build | Watch Tower |
| 16:08 | Build | Stone Wall |
| 16:09 | Build | Stone Wall |
| 16:10 | Build | Stone Wall |
| 16:12 | Build | Stone Wall |
| 16:14 | Build | Farm |
| 16:30 | Queue | Villager (Male) |
| 16:44 | Build | Farm |
| 16:46 | Research | Fletching |
| 16:58 | Queue | Villager (Male) |
| 17:01 | Build | Farm |
| 17:27 | Build | Farm |
| 17:28 | Queue | Villager (Male) |
| 18:17 | Queue | Villager (Male) |
| 18:18 | Build | Farm |
| 18:19 | Queue | Villager (Male) |
| 19:10 | Queue | Villager (Male) |
| 19:11 | Build | Farm |
| 19:13 | Build | Farm |
| 19:14 | Queue | Villager (Male) |
| 19:45 | Queue | Villager (Male) |
| 19:48 | Build | Farm |
| 20:16 | Queue | Villager (Male) |
| 20:17 | Build | Farm |
| 20:32 | Build | Mining Camp |
| 20:34 | Queue | Villager (Male) |
| 20:41 | Build | Stone Wall |
| 20:43 | Build | Stone Wall |
| 20:44 | Build | Stone Wall |
| 20:45 | Build | Stone Wall |
| 21:08 | Queue | Villager (Male) |
| 21:15 | Build | Market |
| 21:19 | Build | House |
| 21:19 | Build | House |
| 21:20 | Build | House |
| 21:21 | Build | House |
| 21:24 | Research | Town Watch |
| 21:59 | Queue | Villager (Male) |
| 22:00 | Queue | Villager (Male) |
| 22:52 | Research | Castle Age |
| 23:08 | Build | Farm |
| 23:12 | Build | Mining Camp |
| 23:35 | Build | Barracks |
| 23:39 | Research | Gold Mining |
| 23:44 | Research | Double-Bit Axe |
| 23:52 | Research | Stone Mining |
| 23:56 | Research | Horse Collar |
| 24:12 | Queue | Villager (Male) |
| 24:24 | Research | Gold Mining |
| 24:34 | Build | House |
| 24:35 | Build | House |
| 24:36 | Build | House |
| 25:24 | Research | Wheelbarrow |
| 25:32 | Age | Castle Age |
| 25:42 | Build | Castle |
| 25:58 | Build | University |
| 26:03 | Research | Bodkin Arrow |
| 26:07 | Build | Stone Wall |
| 26:08 | Build | Stone Wall |
| 26:16 | Queue | Fire Lancer |
| 26:16 | Queue | Fire Lancer |
| 26:18 | Queue | Fire Lancer |
| 26:41 | Research | Treadmill Crane |
| 26:45 | Queue | Villager (Male) |
| 26:45 | Queue | Villager (Male) |
| 27:14 | Queue | Fire Lancer |
| 27:23 | Build | Stone Wall |
| 27:30 | Queue | Villager (Male) |
| 27:44 | Build | Farm |
| 27:45 | Research | Scale Mail Armor |
| 27:51 | Queue | Villager (Male) |
| 27:57 | Research | Murder Holes |
| 28:16 | Queue | Fire Lancer |
| 28:17 | Queue | Villager (Male) |
| 28:18 | Build | Farm |
| 28:19 | Queue | Villager (Male) |
| 28:29 | Build | Watch Tower |
Match timeline
| 9:04 | Post Nut Clarity · age_up feudal |
| 9:55 | Negev King · age_up feudal |
| 11:14 | Negev King · first_building Barracks |
| 11:49 | Post Nut Clarity · wall_segment Stone Wall x3 |
| 11:50 | Post Nut Clarity · wall_segment Stone Wall x3 |
| 11:52 | Post Nut Clarity · wall_segment Stone Wall x3 |
| 11:53 | Post Nut Clarity · wall_segment Stone Wall x3 |
| 13:45 | Post Nut Clarity · wall_segment Stone Wall x3 |
| 13:47 | Post Nut Clarity · wall_segment Stone Wall x3 |
| 14:22 | Post Nut Clarity · wall_segment Stone Wall x3 |
| 15:28 | Post Nut Clarity · wall_segment Stone Wall x3 |
| 15:57 | Negev King · wall_segment Stone Wall x6 |
| 16:08 | Post Nut Clarity · wall_segment Stone Wall x3 |
| 16:09 | Post Nut Clarity · wall_segment Stone Wall x3 |
| 16:10 | Post Nut Clarity · wall_segment Stone Wall x3 |
| 16:12 | Post Nut Clarity · wall_segment Stone Wall x3 |
| 19:20 | Negev King · first_market_buy 100 food |
| 20:41 | Negev King · first_market_sell 100 food |
| 20:41 | Post Nut Clarity · wall_segment Stone Wall x3 |
| 20:43 | Post Nut Clarity · wall_segment Stone Wall x3 |
| 20:44 | Post Nut Clarity · wall_segment Stone Wall x3 |
| 20:45 | Post Nut Clarity · wall_segment Stone Wall x3 |
| 22:04 | Post Nut Clarity · first_market_sell 100 wood |
| 22:06 | Post Nut Clarity · first_market_buy 100 food |
| 23:23 | Negev King · age_up castle |
| 23:35 | Post Nut Clarity · first_building Barracks |
| 24:01 | Negev King · first_building Stable |
| 24:42 | Negev King · first_building Siege Workshop |
| 25:22 | Negev King · first_building Monastery |
| 25:32 | Post Nut Clarity · age_up castle |
| 25:42 | Post Nut Clarity · first_building Castle |
| 26:07 | Post Nut Clarity · wall_segment Stone Wall x1 |
| 26:08 | Post Nut Clarity · wall_segment Stone Wall x1 |
| 27:23 | Post Nut Clarity · wall_segment Stone Wall x1 |
| 30:10 | Negev King · wall_segment Stone Wall x6 |
| 36:14 | Negev King · age_up imperial |
| 36:51 | Negev King · first_building Castle |
| 39:39 | Post Nut Clarity · age_up imperial |
| 44:36 | Negev King · resign |
[ AI ANALYSIS · 1 CREDIT ]
What really happened in this match?
Wolo.gg analyzes every decision: build order, eco, micro, common mistakes by bracket. Personalized analysis on WhatsApp or Discord in 30 seconds.
Civ guide
Bohemians
Perfil
Jugador #6774960